 Dungeon Crawl Stone Soup version 0.30-a0-1014-g3371b13838 (webtiles) character file.

Game seed: 13547584888570836435

31655 Ishchenko the Severer (level 13, 0/125 HPs)
             Began as a Hill Orc Fighter on Apr 6, 2023.
             Was an Elder of Nemelex Xobeh.
             Slain by an orc knight
             ... wielding a +0 great mace
              (28 damage)
             ... on level 1 of the Orcish Mines.
             The game lasted 00:28:59 (14764 turns).

Ishchenko the Severer (Hill Orc Fighter)           Turns: 14764, Time: 00:28:59

Health: 0/125      AC: 32    Str: 24    XL:     13   Next: 59%
Magic:  13/13      EV:  8    Int:  8    God:    Nemelex Xobeh [****..]
Gold:   879        SH:  5    Dex: 10    Spells: 12/12 levels left

rFire   . . .      SeeInvis .    A - +1 war axe (vamp)
rCold   . . .      Faith    .    c - +0 buckler
rNeg    . . .      Spirit   .    i - +5 plate armour
rPois   .          Reflect  .    n - +0 hat
rElec   .          Rampage  .    e - +0 cloak
rCorr   .                        (no gloves)
Will    +....                    x - +1 pair of boots {Fly} Stlth
                                 (no amulet)
HPRegen 0.40/turn                g - ring of willpower
MPRegen 0.13/turn                y - ring of the Tortoise {AC+8}

@: flying
A: no striking features
a: Renounce Religion, Draw Escape, Draw Destruction, Draw Summoning, Triple
Draw, Deal Four


You were on level 1 of the Orcish Mines.
You worshipped Nemelex Xobeh.
Nemelex Xobeh was greatly pleased with you.
You visited 4 branches of the dungeon, and saw 14 of its levels.
You also visited: Sewer.

You collected 1104 gold pieces.
You spent 225 gold pieces at shops.

Inventory:

Hand Weapons
 A - a +1 vampiric war axe (weapon)
Armour
 c - a +0 buckler (worn)
 e - a +0 cloak (worn)
 i - a +5 plate armour (worn)
 n - a +0 hat (worn)
 x - a +1 pair of boots of flying (worn)
Jewellery
 a - a ring of magical power
 g - a ring of willpower (left hand)
 w - an amulet of magic regeneration
 y - the ring of the Tortoise (right hand) {AC+8}
   (You found it on level 7 of the Dungeon)

   [ring of protection]

   AC:        It affects your AC (+8).
Wands
 m - a wand of digging (9)
 q - a wand of charming (11)
 u - a wand of flame (37)
 C - a wand of roots (12)
Scrolls
 h - 4 scrolls of fog
 j - 11 scrolls of teleportation
 l - 2 scrolls of enchant armour
 r - 5 scrolls of poison
 s - 4 scrolls of fear
 v - 3 scrolls of magic mapping
 B - a scroll of noise
 D - a scroll of amnesia
 E - 2 scrolls of identify
Potions
 d - a potion of magic
 f - 2 potions of haste
 k - 6 potions of curing
 o - a potion of might
 p - a potion of cancellation
 t - 2 potions of brilliance
 F - a potion of mutation {unknown}
Miscellaneous
 z - a phantom mirror


   Skills:
 + Level 14.6 Fighting
 + Level 18.7 Axes
 + Level 11.6 Armour
 + Level 3.1 Dodging
 + Level 1.2 Stealth
 + Level 8.4 Shields


You had 12 spell levels left.
You didn't know any spells.
Your spell library contained the following spells:

 Spells                   Type           Power      Damage    Failure   Level
 Apportation              Tloc           0%         N/A       99%         1
 Shock                    Conj/Air       0%         1d3       99%         1
 Summon Small Mammal      Summ           0%         N/A       99%         1
 Call Canine Familiar     Summ           0%         N/A       100%        3
 Dazzling Flash           Conj/Hex       0%         N/A       100%        3
 Summon Guardian Golem    Hex/Summ       0%         N/A       100%        3
 Swiftness                Air            0%         N/A       100%        3
 Volatile Blastmotes      Fire/Tloc      0%         2d10      100%        3
 Airstrike                Air            0%         2d(0-16)  100%        4
 Iskenderun's Mystic Bla  Conj/Tloc      0%         2d3       100%        4
 Alistair's Intoxication  Tmut/Pois      0%         N/A       100%        5
 Starburst                Conj/Fire      0%         6d3       100%        6


Dungeon Overview and Level Annotations

Branches:
Dungeon (9/15)             Temple (0/1) D:6            Lair (3/5) D:9
 Shoals (0/4) Lair:3        Snake (1/4) Lair:3          Orc (1/2) D:9
  Sewer (visited)

Altars:
Dithmenos
Elyvilon
Gozag
Makhleb
Nemelex Xobeh
Qazlal
Ru
Sif Muna
Uskayaw
Xom
Yredelemnul
Beogh

Shops:
D:1 :   D:5 (![*   Orc:1 :   Snake:1 *


Message History

You draw a card...
You have drawn the Orb.
Press: ? - help, Shift-Dir - straight line, f - orc knight
Aim: an orc knight, wielding a +0 great mace and wearing a +0 plate armour (strong)
The wavering orb of destruction weakly hits the orc knight!
The orc knight is lightly wounded.
The orc knight hits you with a +0 great mace!
The orc knight hits you with a +0 great mace.
You draw a card...
You have drawn Vitriol.
Press: ? - help, Shift-Dir - straight line, f/p - orc knight
Aim: an orc knight, wielding a +0 great mace and wearing a +0 plate armour (lightly wounded, strong)
The glob of acid hits the orc knight!!!
The orc knight is almost dead.
The orc knight hits you with a +0 great mace!
* * * LOW HITPOINT WARNING * * *
The orc knight hits you with a +0 great mace!
* * * LOW HITPOINT WARNING * * *
Okay, then.
You feel much better. The orc knight barely misses you.
The orc knight hits you but does no damage.
You closely miss the orc knight.
The orc knight is severely wounded.
You hit the orc knight but do no damage.
You hit the orc knight but do no damage.
The orc knight is severely wounded.
You hit the orc knight.
The orc knight hits you with a +0 great mace.
* * * LOW HITPOINT WARNING * * *
The orc knight hits you with a +0 great mace!!
* * * LOW HITPOINT WARNING * * *
You feel much better.
The orc knight hits you with a +0 great mace!
* * * LOW HITPOINT WARNING * * *
The orc knight hits you with a +0 great mace!
* * * LOW HITPOINT WARNING * * *
You feel much better. The orc knight barely misses you.
The orc knight hits you with a +0 great mace!!
You die...
Your body glows with a rainbow of weird colours and disappears.

.....# #...#...#
....####..##..## ***###*
...###.....^..####*,$$$$****
....#.....##..##..+,.$$$+,,**
[..###.###....#...*##'###,,,*
)...#...#.....#..##.....##.,*
[......#......#..#.......#.,*
#.............#oo#.[...[.#.^*
..............#.@#.......#,.*
#.#...........#..##.....#*..*
.....>........#..)#######...*
#...........#.##.))))......#*
#...#..........##)))).....#*
................###8...8###
..............#.........#
........................#
...........#.....#.....##


You could see 2 orc knights.

Vanquished Creatures
  Josephine (Lair:2)
  2 two-headed ogres
  Erica (D:8)
  A naga sharpshooter (Snake:1)
  An orc high priest (Orc:1)
  A skyshark (Lair:2)
  A fire crab (Lair:3)
  2 sea snakes (Snake:1)
  An orc knight (D:9)
  An orc sorcerer (Orc:1)
  6 black mambas
  6 elephants (Lair:2)
  A guardian serpent (Lair:3)
  5 cane toads
  3 rime drakes
  3 komodo dragons
  Prince Ribbit (D:5)
  2 trolls (Orc:1)
  A hornet (D:9)
  7 blink frogs
  Sigmund (D:2)
  3 wraiths
  2 wyverns (Lair:1)
  29 yaks
  3 steam dragons (D:7)
  4 basilisks
  4 wargs
  Duvessa (D:7)
  A naga (Snake:1)
  An acid dragon (D:9)
  6 water moccasins
  A sky beast (D:6)
  2 black bears
  22 orc warriors
  An ice beast (D:7)
  3 ogres
  13 wolves
  A centaur (D:6)
  A phantom (D:4)
  5 kobold brigands
  6 bullfrogs
  8 scorpions
  A wyvern zombie (D:6)
  A water moccasin zombie (D:6)
  3 wights (D:7)
  Dowan (D:7)
  4 killer bees (D:9)
  3 bullfrog zombies (D:6)
  2 jellies (D:6)
  5 hounds
  A centaur zombie (D:6)
  13 orc priests
  Crazy Yiuf (D:5)
  Ijyb (D:5)
  3 sleepcaps
  A gnoll bouda (D:6)
  12 orc wizards
  Natasha (thrice) (D:2)
  2 iguanas
  12 gnolls
  A howler monkey zombie (D:6)
  13 adders
  3 river rats (Sewer)
  A shadow imp (D:7)
  2 white imps (D:8)
  3 ufetubi
  2 worms (D:3)
  63 orcs
  5 bats
  4 endoplasms
  6 giant cockroaches
  7 goblins
  5 hobgoblins
  7 jackals
  6 quokkas
  5 ball pythons
  9 frilled lizards
  25 kobolds
  7 rats
408 creatures vanquished.

Vanquished Creatures (collateral kills)
  A boulder beetle (Lair:3)
1 creature vanquished.

Vanquished Creatures (others)
  Jorgrun (Orc:1)
  An orc warrior (Orc:1)
  A wight (D:7)
  2 howler monkeys (D:7)
  A hound (D:6)
  2 kobolds (D:7)
  37 fungi
  21 plants
66 creatures vanquished.

Grand Total: 475 creatures vanquished

Notes
Turn   | Place    | Note
-------+----------+-------------------------------------------
     0 | D:1      | Ishchenko the Hill Orc Fighter began the quest for the Orb.
     0 | D:1      | Reached XP level 1. HP: 19/19 MP: 1/1
    54 | D:1      | Reached XP level 2. HP: 26/27 MP: 2/2
    66 | D:1      | Reached skill level 3 in Axes
   282 | D:1      | Reached XP level 3. HP: 33/33 MP: 3/3
   725 | D:1      | Found Poygi's Book Boutique.
   843 | D:2      | Noticed Natasha
   855 | D:2      | Killed Natasha
   856 | D:2      | Reached skill level 4 in Axes
   856 | D:2      | Reached XP level 4. HP: 5/40 MP: 4/4
  1044 | D:2      | Noticed Natasha
  1049 | D:2      | Killed Natasha
  1240 | D:2      | Found a faded altar of an unknown god.
  1302 | D:2      | Noticed Sigmund
  1362 | D:2      | Killed Sigmund
  1363 | D:2      | Reached skill level 5 in Axes
  1363 | D:2      | Reached skill level 1 in Dodging
  1363 | D:2      | Reached XP level 5. HP: 47/47 MP: 5/5
  1363 | D:2      | Reached XP level 6. HP: 53/53 MP: 6/6
  1461 | D:2      | Noticed Natasha
  1469 | D:2      | Killed Natasha
  1805 | D:3      | Found a glowing drain.
  1809 | Sewer    | Entered a sewer
  1866 | Sewer    | Reached skill level 5 in Armour
  1946 | Sewer    | Reached skill level 6 in Axes
  2838 | D:3      | Found a sacrificial altar of Ru.
  2862 | D:3      | Reached XP level 7. HP: 45/60 MP: 7/7
  2877 | D:3      | Reached skill level 7 in Axes
  3198 | D:4      | Reached skill level 5 in Fighting
  3900 | D:4      | Reached skill level 8 in Axes
  3900 | D:4      | Reached XP level 8. HP: 69/69 MP: 8/8
  4066 | D:4      | Found a white marble altar of Elyvilon.
  4097 | D:5      | Entered Level 5 of the Dungeon
  4254 | D:5      | Noticed Ijyb
  4265 | D:5      | Killed Ijyb
  4266 | D:5      | Reached skill level 9 in Axes
  4392 | D:5      | Noticed Prince Ribbit
  4406 | D:5      | Killed Prince Ribbit
  4581 | D:5      | Found a hide-covered altar of Uskayaw.
  4586 | D:5      | Found a stormy altar of Qazlal.
  4641 | D:5      | Found Ezuik's General Store.
  4642 | D:5      | Found Plog's Distillery.
  4643 | D:5      | Found Ozxathria's Antique Armour Emporium.
  4643 | D:5      | Found Joyrghuech's Weapon Shoppe.
  4649 | D:5      | Bought a pair of runed boots for 225 gold pieces
  4742 | D:5      | Found a runed translucent door.
  4743 | D:5      | Noticed Crazy Yiuf
  4773 | D:5      | Found an opulent altar of Gozag.
  4807 | D:5      | Killed Crazy Yiuf
  4808 | D:5      | Reached skill level 10 in Axes
  5186 | D:5      | Found a shimmering blue altar of Sif Muna.
  5351 | D:5      | Reached XP level 9. HP: 68/78 MP: 9/9
  5386 | D:5      | Found a burning altar of Makhleb.
  5494 | D:5      | Found a sparkling altar of Nemelex Xobeh.
  5560 | D:5      | Became a worshipper of Nemelex Xobeh the Trickster
  5628 | D:6      | Found a shadowy altar of Dithmenos.
  5786 | D:6      | Reached skill level 11 in Axes
  6311 | D:6      | Found a basalt altar of Yredelemnul.
  6392 | D:6      | Found a staircase to the Ecumenical Temple.
  6596 | D:6      | Found a shimmering altar of Xom.
  6614 | D:6      | Reached skill level 12 in Axes
  6851 | D:7      | Noticed Duvessa
  6851 | D:7      | Noticed Dowan
  6862 | D:7      | Killed Duvessa
  6869 | D:7      | Found the ring of the Tortoise {AC+8}
  6872 | D:7      | Killed Dowan
  6891 | D:7      | Reached skill level 5 in Shields
  6924 | D:7      | Reached XP level 10. HP: 88/88 MP: 10/10
  6966 | D:7      | Reached skill level 13 in Axes
  7105 | D:7      | Reached * piety under Nemelex Xobeh
  7452 | D:8      | Received a gift from Nemelex Xobeh
  7464 | D:8      | Noticed Erica
  7475 | D:8      | Killed Erica
  7476 | D:8      | Reached skill level 14 in Axes
  7758 | D:8      | Noticed a two-headed ogre
  7775 | D:8      | Killed a two-headed ogre
  8640 | D:9      | Reached ** piety under Nemelex Xobeh
  8742 | D:9      | Reached skill level 15 in Axes
  8966 | D:9      | Found a roughly hewn altar of Beogh.
  8966 | D:9      | Found a staircase to the Orcish Mines.
  8996 | D:9      | Reached XP level 11. HP: 81/97 MP: 11/11
  9248 | D:9      | Found a staircase to the Lair.
  9278 | D:9      | Reached skill level 16 in Axes
  9445 | D:9      | Reached skill level 10 in Fighting
  9648 | Orc:1    | Entered Level 1 of the Orcish Mines
  9648 | Orc:1    | Found Pirufas's Book Emporium.
  9663 | Orc:1    | Noticed an orc sorcerer
  9673 | Orc:1    | Noticed a soul eater
  9681 | Orc:1    | Killed an orc sorcerer
  9905 | Orc:1    | Found a roughly hewn altar of Beogh.
  9925 | Orc:1    | Noticed a two-headed ogre
  9943 | Orc:1    | Killed a two-headed ogre
  9985 | Orc:1    | Noticed Jorgrun
  9985 | Orc:1    | Noticed an orc high priest
  9985 | Orc:1    | Noticed an orc knight
 10269 | Lair:1   | Entered Level 1 of the Lair of Beasts
 10643 | Lair:1   | Reached *** piety under Nemelex Xobeh
 10658 | Lair:1   | Reached skill level 17 in Axes
 10708 | Lair:1   | Reached XP level 12. HP: 110/110 MP: 12/12
 10749 | Lair:1   | Received a gift from Nemelex Xobeh
 10897 | Lair:1   | Identified the +8 falchion of Kismet {flame, *Rage Int+2
                  | Dex+3}
 11658 | Lair:2   | Received a gift from Nemelex Xobeh
 11691 | Lair:2   | Reached skill level 10 in Armour
 11723 | Lair:2   | Noticed a skyshark
 11729 | Lair:2   | Killed a skyshark
 12028 | Lair:2   | Received a gift from Nemelex Xobeh
 12233 | Lair:2   | Reached **** piety under Nemelex Xobeh
 12457 | Lair:3   | Noticed Josephine
 12483 | Lair:2   | Killed Josephine
 12663 | Lair:3   | Reached skill level 18 in Axes
 12666 | Lair:3   | Reached XP level 13. HP: 122/122 MP: 13/13
 12835 | Lair:3   | Found a staircase to the Snake Pit.
 12881 | Lair:3   | Reached skill level 1 in Stealth
 12925 | Lair:3   | Received a gift from Nemelex Xobeh
 13309 | Lair:3   | Found a staircase to the Shoals.
 13470 | Snake:1  | Entered Level 1 of the Snake Pit
 13483 | Snake:1  | Found Leckel's General Store.
 13642 | Snake:1  | Received a gift from Nemelex Xobeh
 14444 | Orc:1    | Killed Jorgrun
 14762 | Orc:1    | HP: 6/125 [orc knight/+0 great mace (23)]
 14764 | Orc:1    | Slain by an orc knight

Illustrated notes

Levels and vault maps discovered:
D:1:      elethiomel_arrival_quiet, layout_basic, serial_shops,
          nicolae_shop_crystal, st_stairs_1, minmay_misc_feat_enclosed,
          minivault_19, roderic_roman_lattice, hex_intersection,
          minmay_door_square, minmay_split_cup_large
D:2:      layout_rooms, chequers_ecumenical_altar_simple_redux, uniq_sigmund,
          uniq_natasha
D:3:      layout_basic, mainiacjoe_overflow_alcove_1, gup_sewer_entry_spiral,
          chequers_serial_rivers_micro_d, hellmonk_no_cap
D:4:      layout_basic, nicolae_elyvilon_temple_path, minmay_stone_trees_small,
          dreamdust_gnoll_farm
D:5:      layout_basic, grunt_gozag_breadcrumbs, mainiacjoe_overflow_big_doors,
          mainiacjoe_overflow_cross_hatched, lemuel_tele_altar,
          mainiacjoe_overflow_catwalk, nicolae_wooded_promenade,
          dreamdust_wishing_well, nicolae_half_adder, uniq_crazy_yiuf_cottage,
          uniq_ijyb, uniq_prince_ribbit1
D:6:      layout_loops_ring, grunt_dithmenos_smoke_and_mirrors,
          nicolae_yredelemnul_corpse_copse, xom_confusion_cloud,
          minmay_temple_entry_large_hall
D:7:      layout_cave_pools, uniq_duvessa
D:8:      layout_basic, lemuel_flame_loot_1, uniq_erica
D:9:      layout_loops_corners, erik_lair_orcish_takeover, david_orc_5
Lair:1:   layout_layer_cave, st_stairs_6, grunt_megastairs_1
Lair:2:   layout_long_grid, infiniplex_staircase_pool
Lair:3:   layout_long_grid, elwin_shoals_entry_rocks,
          minmay_snake_entry_spellcaster, infiniplex_staircase_pool_2,
          uniq_josephine
Snake:1:  layout_layer_cave, serial_shops, shop, nicolae_shop_waterfront, shop,
          nicolae_square_shop, nicolae_shop_crystal, serial_bayou_crossing
Orc:1:    cheibrodos_orc_arena, layout_caves, basic_altar, serial_shops, shop,
          uniq_jorgrun

Skill      XL: |  1  2  3  4  5  6  7  8  9 10 11 12 13 |
---------------+----------------------------------------+-----
Axes           | 3 4 5 6 8 10 12 15 17 18 | 18.7
Fighting       | 4 5 6 8 9 11 13 14 | 14.6
Armour         | 4 5 6 7 8 9 10 11 | 11.6
Dodging        | 1 2 3 |  3.1
Shields        | 4 5 6 7 8 |  8.4
Stealth        | 1 |  1.2

Action                     |  1- 3 |  4- 6 |  7- 9 | 10-12 | 13-15 || total
---------------------------+-------+-------+-------+-------+-------++-------
  Melee: War axe           |    98 |   242 |   451 |   706 |   252 ||  1749
 Invoke: Draw Destruction  |       |       |       |     4 |     4 ||     8
         Draw Summoning    |       |       |       |       |     1 ||     1
    Use: Potion            |       |     7 |     2 |     5 |     5 ||    19
         Scroll            |       |     6 |     5 |    11 |       ||    22
   Stab: Invisible         |       |       |       |     1 |       ||     1
         Distracted        |       |       |       |       |     1 ||     1
 Armour: Scale mail        |    49 |       |       |       |       ||    49
         Chain mail        |     4 |   113 |   192 |    66 |       ||   375
         Skin              |       |    20 |       |       |       ||    20
         Plate armour      |       |       |       |   447 |   150 ||   597
  Dodge: Dodged            |    46 |   106 |   153 |   238 |    78 ||   621
  Block: Buckler           |    29 |    49 |    87 |   163 |    52 ||   380

Table legend: (Time is in decaauts)
 A = Elapsed time spent in this place.
 B = Non-inter-level travel time spent in this place.
 C = Inter-level travel time spent in this place.
 D = Time resting spent in this place.
 E = Time spent auto-exploring this place.
 F = Levels seen in this place.
 G = Mean time per level.
                   A        B        C        D        E       F      G
               +--------+--------+--------+--------+--------+-----+--------+
         Total |  14821 |  14217 |    604 |    634 |  10735 |  15 |  988.1 |
       Dungeon |   9365 |   8968 |    397 |    503 |   6685 |   9 | 1040.6 |
          Lair |   3449 |   3242 |    207 |    131 |   2598 |   3 | 1149.7 |
     Snake Pit |    398 |    398 |      0 |      0 |    321 |   1 |  398.0 |
  Orcish Mines |    665 |    665 |      0 |      0 |    461 |   1 |  665.0 |
         Sewer |    943 |    943 |      0 |      0 |    670 |   1 |  943.0 |
               +--------+--------+--------+--------+--------+-----+--------+

Top non-repeatable levels by time:
     D:5: 1462 daAuts
     D:9: 1462 daAuts
  Lair:1: 1401 daAuts
     D:6: 1256 daAuts
     D:8: 1112 daAuts
  Lair:3: 1080 daAuts
  Lair:2: 967 daAuts
   Sewer: 943 daAuts
     D:4: 920 daAuts
     D:3: 893 daAuts
     D:1: 846 daAuts
     D:2: 821 daAuts
   Orc:1: 665 daAuts
     D:7: 588 daAuts
 Snake:1: 398 daAuts
